AoeStats
← TheQuietRiot

Arabia

506663897Analyzed
1v1 RM · 18d ago on Sep 14, 2026· 28m 32s· 2 players
Game mode
Random Map
Map size
Tiny (2 player)
Population
200
Speed
Normal
Resources
Standard
Victory
Conquest
Starting age
Dark Age
Ending age
Imperial Age
RankedLock teamsTeams togetherTeam positionsShared explorationLock speedFull tech treeHidden civsTurbo modeCheats
Victory
Defeat
🇬🇧 Teutons · United Kingdom
986
+17
🇮🇹 Mongols · Italy
1000
-17
TheQuietRiot
7:37 Loom
9:52 Feudal Age
13:15 Double-Bit Axe
13:11 Horse Collar
21:33 Castle Age
20:40 Bloodlines
20:47 Gold Mining
23:28 Forging
25:04 Wheelbarrow
25:51 Bow Saw
27:04 Pikeman
27:45 Squires
GdR_Lezzen
7:39 Loom
10:29 Feudal Age
15:57 Double-Bit Axe
18:39 Wheelbarrow
22:32 Castle Age
20:34 Horse Collar
21:50 Bloodlines
21:49 Scale Barding Armor
23:05 Forging
23:26 Bow Saw
23:17 Heavy Plow
24:13 Husbandry
24:06 Town Watch
Connection lost

Rejoining the realm…

Still unreachable

The connection could not be restored.

Session expired

The server has moved on; the page needs a fresh start.